 Dungeon Crawl Stone Soup version 0.29-a0-639-g29a8cde (webtiles) character file.

Game seed: 16459031869852523174

177 Dawnplanks the Skirmisher (level 5, -2/55 HPs)
             Began as an Ogre Berserker on June 19, 2022.
             Was a Believer of Trog.
             Slain by a gnoll
             ... wielding a +0 club
              (6 damage)
             ... on level 2 of the Dungeon.
             The game lasted 00:04:52 (2452 turns).

Dawnplanks the Skirmisher (Ogre Berserker)          Turns: 2452, Time: 00:04:53

Health: -2/55      AC:  3    Str: 23    XL:     5   Next: 57%
Magic:  5/5        EV: 10    Int:  8    God:    Trog [**....]
Gold:   108        SH:  0    Dex:  8    Spells: 4/4 levels left

rFire   . . .      SeeInvis .   a - +0 mace
rCold   . . .      Faith    .   (no shield)
rNeg    . . .      Spirit   .   b - +0 animal skin
rPois   .          Reflect  .   (helmet restricted)
rElec   .          Harm     .   (no cloak)
rCorr   .          Rampage  .   (gloves unavailable)
Will    .....                   (boots unavailable)
Stlth   +.........              (no amulet)
HPRegen 0.18/turn               (no ring)
MPRegen 0.09/turn               (no ring)

@: on berserk cooldown, slowed, very slow
A: large, unfitting armour, tough skin 1
a: Renounce Religion, Berserk, Trog's Hand


You were on level 2 of the Dungeon.
You worshipped Trog.
Trog was pleased with you.
You visited 1 branch of the dungeon, and saw 2 of its levels.

You collected 108 gold pieces.

Inventory:

Hand Weapons
 a - a +0 mace (weapon)
Missiles
 e - 2 poisoned darts
 l - 7 stones (quivered)
Armour
 b - a +0 animal skin (worn)
Scrolls
 c - 2 scrolls of identify {unknown}
 d - a scroll of acquirement {unknown}
 f - a scroll of magic mapping {unknown}
 g - a scroll of blinking {unknown}
 h - a scroll of immolation {unknown}
 i - a scroll of brand weapon {unknown}
Potions
 j - 2 potions of resistance {unknown}
 k - a potion of cancellation {unknown}
 m - a potion of brilliance {unknown}
 n - a potion of curing {unknown}


   Skills:
 + Level 4.9 Fighting
 * Level 4.7 Maces & Flails
 + Level 3.3 Dodging


You had 4 spell levels left.
You didn't know any spells.
Your spell library was empty.

Dungeon Overview and Level Annotations

Branches:
Dungeon (2/15)

Altars:

Shops:
D:1 (


Innate Abilities, Weirdness & Mutations

You are too large for most types of armour.
You have tough skin. (AC +1)


Message History

You barely miss the gnoll.
The gnoll is lightly wounded.
You sock the gnoll!
The gnoll is severely wounded.
The gnoll hits you with a +0 club.
The gnoll hits you with a +2 whip of freezing.
The gnoll freezes you.
You barely miss the gnoll.
The gnoll is severely wounded.
The gnoll hits you with a +0 club.
The gnoll hits you with a +2 whip of freezing!
The gnoll freezes you.
You are too injured to fight recklessly!
You are too injured to fight recklessly!
You are too injured to fight recklessly!
You sock the gnoll!
You kill the gnoll!
Trog accepts your kill. The gnoll hits you with a +0 club.
You thump the gnoll!
The gnoll is almost dead.
The gnoll hits you with a +0 club.
* * * LOW HITPOINT WARNING * * *
The gnoll barely misses you.
You closely miss the gnoll.
The gnoll is almost dead.
You sock the gnoll!
You kill the gnoll!
Trog accepts your kill. The gnoll hits you with a +0 club!
* * * LOW HITPOINT WARNING * * *
You barely miss the gnoll. The gnoll hits you with a +0 club.
* * * LOW HITPOINT WARNING * * *
You closely miss the gnoll.
You are no longer berserk.
You are exhausted.
You feel yourself slow down. The gnoll hits you with a +0 club.
* * * LOW HITPOINT WARNING * * *
You hit the gnoll but do no damage. The gnoll hits you with a +0 club.
You die...

.##....##...
..........#
#......#####
##.))......####
.......###.. ..# ###
.#...†## .. ..#
###.#.## #.## #.#
###.#..# #)g# #.#
.#..#..## #@###.#
.#.##...# #.....##
......#.## ####...#
##.#..#..# ##.#.#
#..#..##<## ######..#.#
.......#..# #.......#.#
.......##.# #.......#.#
.......##.# #.......#.#
######.##.###.......#..


You could see a gnoll.

Vanquished Creatures
  Natasha (thrice) (D:2)
  2 adders (D:2)
  3 gnolls (D:2)
  A dart slug (D:1)
  2 endoplasms (D:2)
  5 giant cockroaches
  6 goblins
  3 hobgoblins (D:1)
  7 jackals
  A quokka (D:2)
  4 ball pythons
  3 bats (D:1)
  3 frilled lizards
  6 kobolds
  7 rats
56 creatures vanquished.

Notes
Turn   | Place    | Note
-------+----------+-------------------------------------------
     0 | D:1      | Dawnplanks the Ogre Berserker began the quest for the Orb.
     0 | D:1      | Reached XP level 1. HP: 24/24 MP: 1/1
   303 | D:1      | Reached XP level 2. HP: 31/32 MP: 2/2
   416 | D:1      | Found Miuvoetta's Antique Weapon Shop.
   533 | D:1      | Found a faded altar of an unknown god.
   598 | D:1      | Reached ** piety under Trog
   812 | D:1      | Reached XP level 3. HP: 36/40 MP: 3/3
  1637 | D:2      | Noticed Natasha
  1653 | D:2      | Killed Natasha
  1654 | D:2      | Reached XP level 4. HP: 26/49 MP: 4/4
  1673 | D:2      | Noticed Natasha
  1847 | D:2      | Killed Natasha
  1914 | D:2      | Noticed Natasha
  1923 | D:2      | Killed Natasha
  1930 | D:2      | Reached XP level 5. HP: 50/55 MP: 5/5
  2452 | D:2      | Slain by a gnoll

Illustrated notes

Levels and vault maps discovered:
D:1:      matt_arrival_grand_opening, layout_loops_corners, serial_shops,
          nicolae_shop_behind_doors, serial_rivers,
          chequers_serial_rivers_small_3, chequers_serial_rivers_room_a,
          chequers_serial_rivers_micro_a, chequers_serial_rivers_small_3,
          chequers_serial_rivers_micro_a, chequers_serial_rivers_room_a,
          ebering_ecumenical_altar_rust
D:2:      layout_rooms, uniq_natasha

Skill      XL: |  1  2  3  4 |
---------------+-------------+-----
Maces & Flails | 3 4 |  4.7
Dodging        | 3 |  3.3
Fighting       | |  4.9

Action                   |  1- 3 |  4- 6 || total
-------------------------+-------+-------++-------
Melee: Mace              |   127 |    79 ||   206
       Punch             |     2 |       ||     2
Throw: Stone             |     6 |       ||     6
Invok: Berserk           |     1 |     2 ||     3
       Trog's Hand       |     1 |       ||     1
Armor: Animal skin       |    52 |    12 ||    64
Dodge: Dodged            |    82 |    50 ||   132

Table legend: (Time is in decaauts)
 A = Elapsed time spent in this place.
 B = Non-inter-level travel time spent in this place.
 C = Inter-level travel time spent in this place.
 D = Time resting spent in this place.
 E = Time spent auto-exploring this place.
 F = Levels seen in this place.
 G = Mean time per level.
                   A        B        C        D        E       F      G
               +--------+--------+--------+--------+--------+-----+--------+
         Total |   2523 |   2446 |     77 |    211 |   1827 |   2 | 1261.5 |
       Dungeon |   2523 |   2446 |     77 |    211 |   1827 |   2 | 1261.5 |
               +--------+--------+--------+--------+--------+-----+--------+

Top non-repeatable levels by time:
     D:1: 1809 daAuts
     D:2: 713 daAuts
